 Dungeon Crawl Stone Soup version 0.21.1-1-g345015f (webtiles) character file.

1624 tidbits the Digger (level 8, -4/60 HPs)
             Began as a Gnoll Earth Elementalist on Feb 10, 2018.
             Was a Follower of Cheibriados.
             Killed from afar by a wizard (25 damage)
             ... with a bolt of cold
             ... on level 7 of the Dungeon.
             The game lasted 00:20:43 (1952 turns).

tidbits the Digger (Gnoll Earth Elementalist)       Turns: 1952, Time: 00:20:44

Health: -4/60      AC:  4    Str: 19    XL:     8   Next: 97%
Magic:  7/17       EV: 20    Int: 22    God:    Cheibriados [*.....]
Gold:   399        SH:  0    Dex: 19    Spells: 9/19 levels left

rFire    . . .     SeeInvis .   a - +0 long sword
rCold    . . .     Gourm    .   (no shield)
rNeg     . . .     Faith    .   B - +0 robe
rPois    .         Spirit   .   E - +0 helmet
rElec    .         Reflect  .   (no cloak)
rCorr    .         Harm     .   (no gloves)
MR       .....     Rnd*Tele +   (no boots)
Stlth    +++.......             (no amulet)
HPRegen  0.20/turn              g - ring of teleportation (curse)
MPRegen  0.15/turn              V - +4 ring of evasion

@: mighty, slowed, very slow
A: distributed training, fangs 1, rugged brown scales 1, mutation resistance 1,
strong nose
a: Bend Time, Renounce Religion


You were on level 7 of the Dungeon.
You worshipped Cheibriados.
Cheibriados was aware of your devotion.
You were not hungry.

You visited 2 branches of the dungeon, and saw 8 of its levels.
You also visited: Ossuary.

You collected 399 gold pieces.

Inventory:

Hand Weapons
 a - a +0 long sword (weapon)
 b - a +0 dagger
 i - a +0 hunting sling
 p - a +2 flail of venom
   (You took it off an orc on level 4 of the Dungeon)
 u - a +0 war axe
Missiles
 f - 30 stones (quivered)
 x - 5 tomahawks
 z - 26 arrows
Armour
 m - a +1 ring mail
 A - the +9 chain mail "Ytradets" {rC- Regen+ Slay+3, unknown}
   (You found it on level 6 of the Dungeon)

   It affects your accuracy and damage with ranged weapons and melee attacks
   (+3).
   It makes you vulnerable to cold.
   It increases your rate of regeneration.
 B - a +0 robe (worn)
 E - a +0 helmet (worn)
Jewellery
 g - a cursed ring of teleportation (left hand)
   (You found it on level 1 of the Dungeon)
 V - a +4 ring of evasion (right hand)
   (You found it on level 3 of the Dungeon)
Wands
 C - a wand of flame (28)
Scrolls
 d - 2 scrolls of enchant armour
 j - 2 scrolls of blinking
 q - 3 scrolls of teleportation
 v - 2 scrolls of amnesia
Potions
 h - 2 potions of flight
 k - 2 potions of cancellation
 l - a potion of berserk rage {unknown}
 n - a potion of haste {unknown}
 o - a potion of lignification
 s - 2 potions of curing
 t - a potion of ambrosia
 w - a potion of degeneration
Books
 e - a book of Geomancy

   Spells                             Type                      Level
   a - Sandblast                      Earth                        1
   b - Passwall                       Transmutation/Earth          2
   c - Stone Arrow                    Conjuration/Earth            3
   d - Petrify                        Transmutation/Earth          4
   e - Lee's Rapid Deconstruction     Earth                        5
 r - a book of Necromancy
   (You found it on level 3 of the Dungeon)

   Spells                             Type                      Level
   a - Pain                           Necromancy                   1
   b - Animate Skeleton               Necromancy                   1
   c - Vampiric Draining              Necromancy                   3
   d - Regeneration                   Charms/Necromancy            3
   e - Animate Dead                   Necromancy                   4
   f - Borgnjor's Vile Clutch         Necromancy/Earth             5
 y - a book of Conjurations
   (You found it on level 5 of the Dungeon)

   Spells                             Type                      Level
   a - Magic Dart                     Conjuration                  1
   b - Searing Ray                    Conjuration                  2
   c - Dazzling Spray                 Conjuration/Hexes            3
   d - Fulminant Prism                Conjuration/Hexes            4
   e - Force Lance                    Conjuration/Translocation    4
   f - Iskenderun's Mystic Blast      Conjuration                  4
Comestibles
 c - 11 rations


   Skills:
 + Level 3.6 Fighting
 + Level 3.6 Short Blades
 + Level 3.6 Long Blades
 + Level 3.6 Axes
 + Level 3.6 Maces & Flails
 + Level 3.6 Polearms
 + Level 3.6 Staves
 + Level 3.6 Slings
 + Level 3.6 Bows
 + Level 3.6 Crossbows
 + Level 3.6 Throwing
 + Level 3.6 Armour
 + Level 5.9 Dodging
 + Level 5.6 Stealth
 + Level 3.6 Shields
 + Level 3.6 Unarmed Combat
 + Level 6.2 Spellcasting
 + Level 3.0 Conjurations
 + Level 3.0 Hexes
 + Level 3.0 Charms
 + Level 3.0 Summonings
 + Level 3.0 Necromancy
 + Level 3.0 Translocations
 + Level 3.7 Transmutations
 + Level 3.0 Fire Magic
 + Level 3.0 Ice Magic
 + Level 3.0 Air Magic
 + Level 6.3 Earth Magic
 + Level 3.0 Poison Magic
 + Level 4.0 Invocations
 + Level 3.6 Evocations


You had 9 spell levels left.
You knew the following spells:

 Your Spells              Type           Power        Failure   Level  Hunger
a - Sandblast             Erth           ####..       1%          1    None
j - Stone Arrow           Conj/Erth      ####..       3%          3    #......
n - Animate Skeleton      Necr           N/A          2%          1    None
p - Passwall              Tmut/Erth      ####......   1%          2    None
r - Regeneration          Chrm/Necr      ###.......   8%          3    #......


Dungeon Overview and Level Annotations

Branches:
Dungeon (7/15)             Temple (1/1) D:4

Altars:
Ashenzari
Cheibriados
Dithmenos
Fedhas
Gozag
Hepliaklqana
Kikubaaqudgha
Makhleb
Okawaru
Qazlal
Ru
Sif Muna
Uskayaw
Wu Jian
Xom
Yredelemnul
Zin


Innate Abilities, Weirdness & Mutations

Your experience applies equally to all skills.
You have very sharp teeth.
Your uncanny sense of smell can sniff out nearby items.
You are partially covered in rugged brown scales. (AC +1, +3% HP)
You are somewhat resistant to further mutation.


Message History

The flow of time bends around you.
Cheibriados rebukes the orc warrior.
The orc warrior seems to slow down.
You feel slightly more hungry.
The orc warrior hits you with a halberd!!
* * * LOW HITPOINT WARNING * * *
You feel very mighty all of a sudden. The orc warrior closely misses you.
You riposte.
You closely miss the orc warrior. You bite the orc warrior!
The orc warrior is moderately wounded.
You hit the orc warrior. Your bite misses the orc warrior.
The orc warrior is heavily wounded.
You completely miss the orc warrior.
The orc warrior is heavily wounded.
The orc warrior hits you with a halberd!!
* * * LOW HITPOINT WARNING * * *
You feel much better. The orc warrior misses you.
You hit the orc warrior.
The orc warrior is severely wounded.
You hit the orc warrior but do no damage.
The orc warrior is severely wounded.
You slash the orc warrior!
The orc warrior is almost dead.
The orc warrior closely misses you.
You hit the orc warrior but do no damage.
The orc warrior is almost dead.
The orc misses you. The orc warrior closely misses you.
The orc completely misses you.
You riposte.
You slash the orc!
You kill the orc!
Cheibriados appreciates the change of pace.
You hit the orc warrior but do no damage.
The orc warrior is almost dead.
You barely miss the orc warrior.
The orc warrior is almost dead.
The orc warrior closely misses you.
You slash the orc warrior!
You kill the orc warrior!
Your Conjurations skill increases to level 3!
Your Hexes skill increases to level 3!
Your Charms skill increases to level 3!
Your Summonings skill increases to level 3!
Your Necromancy skill increases to level 3!
Your Translocations skill increases to level 3!
Your Fire Magic skill increases to level 3!
Your Ice Magic skill increases to level 3!
Your Air Magic skill increases to level 3!
Your Poison Magic skill increases to level 3!
Your Invocations skill increases to level 4!
Casting: Sandblast
Confirm with . or Enter, or press ? or * to list all spells.
Your skin crawls.
Things that are here:
a halberd; a plate armour; an orc corpse Your skin is crawling a little less now.
Items here: ( )) [ † a club; 5 tomahawks; a ring mail; a war axe; an orc corpse
u - a war axe;
x - 5 tomahawks Your skin stops crawling.
Things that are here:
a hand axe; a leather armour You found an alarm trap!
Casting: Regeneration
Confirm with . or Enter, or press ? or * to list all spells.
Your skin crawls.
Your skin is crawling a little less now.
Found a ration.
Found a fluorescent wand.
Your skin stops crawling.
Found a dagger.
You see here a ration.
c - 10 rations (gained 1)
Found a ration.
An orc sorcerer comes into view. It is wielding a dagger.
You see here a ration.
c - 11 rations (gained 1)
A wizard comes into view. It is wielding a dagger of venom.
You see here a wand of flame (30).
Unknown command.
C - a wand of flame (30) Evoke which item? (* to show all) (? for menu, Esc to quit)
Aiming: Throw Flame
Press: ? - help, Shift-Dir - straight line, f - wizard
Aim: a wizard, wielding a dagger of venom and wearing a robe (hasn't noticed you)
The puff of flame hits the wizard.
The wizard is lightly wounded.
Evoke which item? (* to show all) (? for menu, Esc to quit)
Aiming: Throw Flame
Press: ? - help, Shift-Dir - straight line, f/p - wizard
Aim: a wizard, wielding a dagger of venom and wearing a robe (lightly wounded)
The puff of flame misses the wizard.
The wizard casts a spell at you.
You feel yourself slow down.
Unknown command.
The wizard gestures at you while chanting.
You struggle to resist.
The wizard points at you and mumbles some strange words.
The bolt of cold hits you!
Ouch! That really hurt!
* * * LOW HITPOINT WARNING * * *
The wizard points at you and mumbles some strange words.
The bolt of cold hits you!
You die...

..........#.#.#...##
..s..
######^##.#........
..... #.##...≈≈≈≈≈≈
.... #.....≈≈##.##
....$
######...≈##...## ..
..........≈#.....#≈..
#######.......)......
........≈#.....#≈.#
######..≈##@..## # #.
....≈≈##.## #.
###...≈≈ §§≈ #.
#.#.....p... #.####
#.##.##....... #....#
#. .# #..#### #....#
..# ###....####. ..#
#...<.......


You could see a wizard.

Vanquished Creatures
  3 phantoms
  An ice beast (D:6)
  An orc warrior (D:7)
  2 ogres (D:6)
  A centaur (D:5)
  An elf zombie (Ossuary)
  A water moccasin zombie (D:6)
  2 howler monkeys (D:4)
  3 centaur zombies (Ossuary)
  A crimson imp (D:6)
  A hound (D:5)
  A gnoll shaman (D:3)
  2 orc priests (D:7)
  Natasha (twice) (D:3)
  2 bullfrog skeletons
  An iguana (D:6)
  A worker ant (D:4)
  2 hound zombies (Ossuary)
  A hound skeleton (D:5)
  3 mummies (Ossuary)
  Robin (D:4)
  4 gnolls (D:4)
  A howler monkey skeleton (D:5)
  6 adders
  An ooze (D:5)
  A worm zombie (D:4)
  2 adder zombies (Ossuary)
  2 worms
  A leopard gecko (D:2)
  13 orcs
  A ball python (D:1)
  8 bats
  A giant cockroach (D:5)
  A gnoll zombie (Ossuary)
  11 goblins
  5 hobgoblins
  2 jackals (D:2)
  3 kobolds
  2 frilled lizards (D:2)
  2 goblin zombies (Ossuary)
  3 hobgoblin zombies (Ossuary)
  A jackal zombie (Ossuary)
  2 kobold zombies (Ossuary)
  2 orc zombies (Ossuary)
  7 quokka zombies (Ossuary)
  4 rats
  3 rat zombies (Ossuary)
  A butterfly (D:4)
123 creatures vanquished.

Vanquished Creatures (collateral kills)
  A hound skeleton (D:6)
  An orc (D:6)
2 creatures vanquished.

Grand Total: 125 creatures vanquished

Notes
Turn   | Place    | Note
-------+----------+-------------------------------------------
     0 | D:1      | tidbits the Gnoll Earth Elementalist began the quest for the Orb.
     0 | D:1      | Reached XP level 1. HP: 13/13 MP: 6/6
    83 | D:2      | Reached skill level 2 in Transmutations
    97 | D:2      | Reached XP level 2. HP: 19/19 MP: 5/7
   101 | D:2      | Learned a level 2 spell: Passwall
   189 | D:2      | Reached XP level 3. HP: 25/25 MP: 7/9
   194 | D:2      | Learned a level 3 spell: Stone Arrow
   251 | D:1      | Reached skill level 5 in Spellcasting
   410 | D:2      | Reached skill level 1 in Invocations
   506 | D:3      | Learned a level 3 spell: Regeneration
   597 | D:3      | Noticed Natasha
   600 | D:3      | Killed Natasha
   600 | D:3      | Reached skill level 1 in Fighting
   600 | D:3      | Reached skill level 1 in Short Blades
   600 | D:3      | Reached skill level 1 in Long Blades
   600 | D:3      | Reached skill level 1 in Axes
   600 | D:3      | Reached skill level 1 in Maces & Flails
   600 | D:3      | Reached skill level 1 in Polearms
   600 | D:3      | Reached skill level 1 in Staves
   600 | D:3      | Reached skill level 1 in Slings
   600 | D:3      | Reached skill level 1 in Bows
   600 | D:3      | Reached skill level 1 in Crossbows
   600 | D:3      | Reached skill level 1 in Throwing
   600 | D:3      | Reached skill level 1 in Armour
   600 | D:3      | Reached skill level 1 in Shields
   600 | D:3      | Reached skill level 1 in Unarmed Combat
   600 | D:3      | Reached skill level 1 in Evocations
   600 | D:3      | Reached XP level 4. HP: 32/32 MP: 4/11
   651 | D:4      | Reached skill level 1 in Conjurations
   651 | D:4      | Reached skill level 1 in Hexes
   651 | D:4      | Reached skill level 1 in Charms
   651 | D:4      | Reached skill level 1 in Summonings
   651 | D:4      | Reached skill level 1 in Necromancy
   651 | D:4      | Reached skill level 1 in Translocations
   651 | D:4      | Reached skill level 1 in Fire Magic
   651 | D:4      | Reached skill level 1 in Ice Magic
   651 | D:4      | Reached skill level 1 in Air Magic
   651 | D:4      | Reached skill level 1 in Poison Magic
   665 | D:4      | Found an ancient bone altar of Kikubaaqudgha.
   668 | D:4      | Noticed Robin
   685 | D:3      | Noticed Natasha
   694 | D:3      | Killed Natasha
   694 | D:3      | Reached XP level 5. HP: 18/37 MP: 7/12
   811 | D:4      | Found a blossoming altar of Fedhas.
   831 | D:4      | Found a sand-covered staircase.
   856 | Ossuary  | Entered an ossuary
   914 | Ossuary  | Reached skill level 2 in Invocations
   914 | Ossuary  | Reached XP level 6. HP: 25/44 MP: 5/13
   994 | Ossuary  | Reached skill level 5 in Dodging
  1004 | Ossuary  | Reached skill level 2 in Fighting
  1004 | Ossuary  | Reached skill level 2 in Short Blades
  1004 | Ossuary  | Reached skill level 2 in Long Blades
  1004 | Ossuary  | Reached skill level 2 in Axes
  1004 | Ossuary  | Reached skill level 2 in Maces & Flails
  1004 | Ossuary  | Reached skill level 2 in Polearms
  1004 | Ossuary  | Reached skill level 2 in Staves
  1004 | Ossuary  | Reached skill level 2 in Slings
  1004 | Ossuary  | Reached skill level 2 in Bows
  1004 | Ossuary  | Reached skill level 2 in Crossbows
  1004 | Ossuary  | Reached skill level 2 in Throwing
  1004 | Ossuary  | Reached skill level 2 in Armour
  1004 | Ossuary  | Reached skill level 2 in Shields
  1004 | Ossuary  | Reached skill level 2 in Unarmed Combat
  1004 | Ossuary  | Reached skill level 2 in Evocations
  1099 | D:4      | Reached XP level 7. HP: 38/50 MP: 2/15
  1122 | D:4      | Gained mutation: You are somewhat resistant to further mutation. [potion of mutation]
  1122 | D:4      | Gained mutation: You are partially covered in rugged brown scales. (AC +1, +3% HP) [potion of mutation]
  1161 | D:4      | Killed Robin
  1229 | D:4      | Found a staircase to the Ecumenical Temple.
  1238 | Temple   | Entered the Ecumenical Temple
  1283 | Temple   | Became a worshipper of Cheibriados the Contemplative
  1335 | D:5      | Entered Level 5 of the Dungeon
  1377 | D:5      | Reached skill level 2 in Conjurations
  1377 | D:5      | Reached skill level 2 in Hexes
  1377 | D:5      | Reached skill level 2 in Charms
  1377 | D:5      | Reached skill level 2 in Summonings
  1377 | D:5      | Reached skill level 2 in Necromancy
  1377 | D:5      | Reached skill level 2 in Translocations
  1377 | D:5      | Reached skill level 2 in Fire Magic
  1377 | D:5      | Reached skill level 2 in Ice Magic
  1377 | D:5      | Reached skill level 2 in Air Magic
  1377 | D:5      | Reached skill level 2 in Poison Magic
  1400 | D:5      | Reached skill level 3 in Transmutations
  1430 | D:5      | Reached skill level 5 in Stealth
  1462 | D:6      | Reached skill level 3 in Invocations
  1471 | D:6      | Reached XP level 8. HP: 48/58 MP: 6/16
  1522 | D:6      | Reached skill level 6 in Earth Magic
  1530 | D:6      | Learned a level 1 spell: Animate Skeleton
  1542 | D:6      | Reached * piety under Cheibriados
  1545 | D:6      | Got a polished chain mail
  1576 | D:5      | Reached skill level 3 in Fighting
  1576 | D:5      | Reached skill level 3 in Short Blades
  1576 | D:5      | Reached skill level 3 in Long Blades
  1576 | D:5      | Reached skill level 3 in Axes
  1576 | D:5      | Reached skill level 3 in Maces & Flails
  1576 | D:5      | Reached skill level 3 in Polearms
  1576 | D:5      | Reached skill level 3 in Staves
  1576 | D:5      | Reached skill level 3 in Slings
  1576 | D:5      | Reached skill level 3 in Bows
  1576 | D:5      | Reached skill level 3 in Crossbows
  1576 | D:5      | Reached skill level 3 in Throwing
  1576 | D:5      | Reached skill level 3 in Armour
  1576 | D:5      | Reached skill level 3 in Shields
  1576 | D:5      | Reached skill level 3 in Unarmed Combat
  1576 | D:5      | Reached skill level 3 in Evocations
  1597 | D:5      | Found an ornate altar of the Wu Jian Council.
  1718 | D:6      | Reached skill level 6 in Spellcasting
  1923 | D:7      | Reached skill level 3 in Conjurations
  1923 | D:7      | Reached skill level 3 in Hexes
  1923 | D:7      | Reached skill level 3 in Charms
  1923 | D:7      | Reached skill level 3 in Summonings
  1923 | D:7      | Reached skill level 3 in Necromancy
  1923 | D:7      | Reached skill level 3 in Translocations
  1923 | D:7      | Reached skill level 3 in Fire Magic
  1923 | D:7      | Reached skill level 3 in Ice Magic
  1923 | D:7      | Reached skill level 3 in Air Magic
  1923 | D:7      | Reached skill level 3 in Poison Magic
  1923 | D:7      | Reached skill level 4 in Invocations
  1943 | D:7      | Noticed an orc sorcerer
  1948 | D:7      | Noticed a wizard
  1952 | D:7      | Killed from afar by a wizard

Skill      XL: |  1  2  3  4  5  6  7  8 |
---------------+-------------------------+-----
Transmutations | 2 3 |  3.7
Spellcasting   | 5 6 |  6.2
Invocations    | 1 2 3 4 |  4.0
Fighting       | 1 2 3 |  3.6
Short Blades   | 1 2 3 |  3.6
Long Blades    | 1 2 3 |  3.6
Axes           | 1 2 3 |  3.6
Maces & Flails | 1 2 3 |  3.6
Polearms       | 1 2 3 |  3.6
Staves         | 1 2 3 |  3.6
Slings         | 1 2 3 |  3.6
Bows           | 1 2 3 |  3.6
Crossbows      | 1 2 3 |  3.6
Throwing       | 1 2 3 |  3.6
Armour         | 1 2 3 |  3.6
Shields        | 1 2 3 |  3.6
Unarmed Combat | 1 2 3 |  3.6
Evocations     | 1 2 3 |  3.6
Conjurations   | 1 2 3 |  3.0
Hexes          | 1 2 3 |  3.0
Charms         | 1 2 3 |  3.0
Summonings     | 1 2 3 |  3.0
Necromancy     | 1 2 3 |  3.0
Translocations | 1 2 3 |  3.0
Fire Magic     | 1 2 3 |  3.0
Ice Magic      | 1 2 3 |  3.0
Air Magic      | 1 2 3 |  3.0
Poison Magic   | 1 2 3 |  3.0
Dodging        | 5 |  5.9
Stealth        | 5 |  5.6
Earth Magic    | 6 |  6.3

Action                   |  1- 3 |  4- 6 |  7- 9 || total
-------------------------+-------+-------+-------++-------
Melee: Unarmed           |     1 |       |       ||     1
       Long sword        |    12 |    63 |    76 ||   151
       Bite              |       |    10 |    18 ||    28
       Punch             |       |     1 |     1 ||     2
       Dagger            |       |     2 |     1 ||     3
Throw: Stone             |       |       |     1 ||     1
 Cast: Sandblast         |    26 |    48 |    79 ||   153
       Passwall          |     1 |       |       ||     1
       Regeneration      |       |     5 |     3 ||     8
       Animate Skeleton  |       |       |     1 ||     1
Invok: Bend Time         |       |       |     1 ||     1
Evoke: Wand              |       |       |     2 ||     2
  Use: Scroll            |     5 |     5 |     6 ||    16
       Potion            |       |     3 |     4 ||     7
 Stab: Sleeping          |     7 |     3 |     1 ||    11
  Eat: Ration            |     1 |       |     1 ||     2
Armor: Robe              |     2 |    13 |    16 ||    31
Dodge: Dodged            |    10 |    91 |   140 ||   241
       Rpst.: Long sword |     4 |    39 |    43 ||    86

Table legend:
 A = Turns spent in this place as a percentage of turns spent in the entire game.
 B = Non-inter-level travel turns spent in this place as a percentage of non-inter-level travel turns spent in the entire game.
 C = Inter-level travel turns spent in this place as a percentage of turns spent in this place.
 D = Turns resting spent in this place as a percentage of non-inter-level travel turns spent in this place.
 E = Turns spent auto-exploring this place as a percentage of non-inter-level travel turns spent in this place.
 F = Non-inter-level travel turns spent in this place divided by the number of levels of this place that you've seen.
                   A       B       C       D       E      F
               +-------+-------+-------+-------+-------+----------------------
         Total | 100.0 | 100.0 |   2.4 |   0.0 |   0.0 | 211.8
       Dungeon |  85.7 |  86.1 |   1.8 |   0.0 |   0.0 | 234.6
        Temple |   3.2 |   2.5 |  25.4 |   0.0 |   0.0 |  47.0
       Ossuary |  11.1 |  11.4 |   0.0 |   0.0 |   0.0 | 217.0
               +-------+-------+-------+-------+-------+----------------------

Table legend:
 A = Kills in this place as a percentage of kills in entire the game.
 B = Kills by you in this place as a percentage of kills by you in the entire game.
 C = Kills by friends in this place as a percentage of kills by friends in the entire game.
 D = Other kills in this place as a percentage of other kills in the entire game.
 E = Experience gained in this place as a percentage of experience gained in the entire game.
 F = Experience gained in this place divided by the number of levels of this place that you have seen.
                   A       B       C       D       E      F
               +-------+-------+-------+-------+-------+----------------------
         Total | 100.0 | 100.0 | 100.0 |   N/A | 100.0 | 257.8
       Dungeon |  74.2 |  73.8 | 100.0 |   N/A |  84.2 | 279.1
       Ossuary |  25.8 |  26.2 |   0.0 |   N/A |  15.8 | 366.0
               +-------+-------+-------+-------+-------+----------------------

Vault maps used:
D:1:      tarquinn_simple_flora_water_b, dk_noncrumbling_4
D:2:      uniq_crazy_yiuf_cottage
D:3:      lemuel_crystal_altar, nicolae_ru_the_path_less_chosen, uniq_ijyb,
          uniq_natasha
D:4:      nicolae_overflow_hidden_temple, minmay_temple_entry_butterflies,
          enter_ossuary_3, lemuel_statue_altar, uniq_robin
D:5:      nicolae_overflow_crystal_walls, overflow_temple_1_default,
          first_ration, wad_floor_pattern_untrapped
D:6:      tso_metal_star
D:7:      cheibrodos_wizards_tower, serial_shops, shop
Temple:   zaba_magenta_temple
Ossuary:  minmay_ossuary_two_tombs
